 Dungeon Crawl Stone Soup version 0.26.0-16-gc1dbca0489 (webtiles) character file.

Game seed: 18319381012954944556

470 thiole the Sneak (level 7, -2/45 HPs)
             Began as an Octopode Hedge Wizard on Jan 19, 2021.
             Was an Initiate of Gozag.
             Slain by an ice beast (13 damage)
             ... on level 5 of the Dungeon.
             The game lasted 00:08:25 (5172 turns).

thiole the Sneak (Octopode Hedge Wizard)            Turns: 5172, Time: 00:08:25

Health: -2/45      AC:  1    Str:  9    XL:     7   Next: 9%
Magic:  3/13       EV: 13    Int: 19    God:    Gozag
Gold:   254        SH:  0    Dex: 11    Spells: 8/14 levels left

rFire    . . .     SeeInvis .   a - +0 dagger
rCold    . . .     Faith    .   (no shield)
rNeg     . . .     Spirit   .   b - +0 hat
rPois    .         Reflect  .   (no amulet)
rElec    .         Harm     .   (no ring)
rCorr    .         Rampage  .   (no ring)
Will     .....                  (no ring)
Stlth    ++++......             (no ring)
HPRegen  0.15/turn              (no ring)
MPRegen  0.13/turn              (no ring)
                                (no ring)
                                (no ring)

@: very slightly contaminated
A: almost no armour, stealthy swim, amphibious, 8 rings, constrict 8, camouflage
1, gelatinous body 1
a: Renounce Religion, Potion Petition, Call Merchant, Bribe Branch


You were on level 5 of the Dungeon.
You worshipped Gozag.
Gozag was aware of your devotion.
You visited 2 branches of the dungeon, and saw 6 of its levels.

You collected 326 gold pieces.
You paid 72 gold pieces to Gozag.

Inventory:

Hand Weapons
 a - a +0 dagger (weapon)
 u - a cursed +0 flail
Armour
 b - a +0 hat (worn)
Jewellery
 l - an uncursed ring of ice {unknown}
 n - an uncursed ring of see invisible {unknown}
Wands
 s - a wand of polymorph (3)
Scrolls
 c - 2 scrolls of enchant weapon {unknown}
 e - 4 scrolls of enchant armour {unknown}
 f - 4 scrolls of teleportation {unknown}
 g - 2 scrolls of magic mapping {unknown}
 i - 4 scrolls of blinking {unknown}
 k - 3 scrolls of fear {unknown}
 p - 3 scrolls of identify {unknown}
 q - a scroll of remove curse {unknown}
 r - a scroll of noise {unknown}
Potions
 d - 2 potions of degeneration {unknown}
 h - 4 potions of curing
 j - 4 potions of might {unknown}
 m - 2 potions of invisibility {unknown}
 o - a potion of magic {unknown}
 t - 2 potions of haste {unknown}


   Skills:
 + Level 2.8 Fighting
 - Level 2.0 Dodging
 + Level 5.3 Stealth
 + Level 4.2 Spellcasting
 - Level 2.0 Conjurations
 - Level 2.0 Summonings
 - Level 1.0 Translocations
 + Level 2.2 Air Magic
 + Level 2.7 Poison Magic


You had 8 spell levels left.
You knew the following spells:

 Your Spells              Type           Power        Failure   Level
a - Magic Dart            Conj           44%          6%          1
b - Call Imp              Summ           11%          9%          2
c - Mephitic Cloud        Conj/Pois/Air  12%          16%         3

Your spell library contained the following spells:

 Spells                   Type           Power        Failure   Level
 Beastly Appendage        Tmut           6%           14%         1
 Blink                    Tloc           N/A          14%         2
 Slow                     Hex            3%           21%         2
 Wereblood                Tmut           3%           21%         2
 Spider Form              Tmut/Pois      4%           22%         3
 Conjure Flame            Conj/Fire      7%           26%         3
 Ice Form                 Ice/Tmut       3%           80%         4
 Blade Hands              Tmut           1%           98%         5


Dungeon Overview and Level Annotations

Branches:
Dungeon (5/15)             Temple (1/1) D:4

Altars:
Dithmenos
Fedhas
Gozag
Kikubaaqudgha
Makhleb
Nemelex Xobeh
Okawaru
Qazlal
Trog
Uskayaw
Vehumet
Xom
Yredelemnul
Zin
The Shining One

Shops:
D:4 !


Innate Abilities, Weirdness & Mutations

You cannot wear most types of armour.
You are very stealthy in the water. (Stealth+)
You are amphibious.
You can wear up to eight rings at the same time.
You can use your tentacles to constrict eight enemies at once.
Your skin changes colour to match your surroundings (Stealth+).
Your rubbery body absorbs attacks. (AC +1, EV +1)


Message History

A beastly little devil appears in a puff of flame.
The ice beast hits your crimson imp. The ice beast freezes your crimson imp!
Your crimson imp is frozen!
Your crimson imp dies!
Your crimson imp disappears in a puff of smoke!
The ice beast hits you. The ice beast freezes you!
Your crimson imp blinks!
You hit the ice beast.
The ice beast is moderately wounded.
The ice beast hits you. The ice beast freezes you.
You hit the ice beast but do no damage.
The ice beast is moderately wounded.
Your white imp hits the ice beast.
Your white imp freezes the ice beast.
The ice beast completely resists.
Your crimson imp blinks!
The ice beast hits you.
* * * LOW HITPOINT WARNING * * *
The ice beast freezes you!
You die...
Your body crumbles into a pile of gold.

.........###.........
######.....##.......#
###.....########
###.§.# ##.§# #..#
#5## #Y# #@# #.# #.#
#.# #.# #.# #.# .?#
..#


You could see an ice beast and a friendly white imp (summoned).

Vanquished Creatures
  A phantom (D:3)
  An orc wizard (D:3)
  Jessica (D:2)
  An iguana (D:4)
  2 gnolls (D:4)
  6 adders
  2 worms (D:2)
  6 dart slugs
  3 leopard geckos
  6 orcs
  A ball python (D:3)
  A giant cockroach (D:1)
  2 goblins (D:2)
  6 hobgoblins
  2 jackals (D:2)
  6 kobolds
  A quokka (D:3)
  4 bats
  A frilled lizard (D:1)
  9 rats
62 creatures vanquished.

Vanquished Creatures (collateral kills)
  An ogre (D:5)
  A scorpion (D:4)
  A howler monkey (D:4)
  A bullfrog zombie (D:5)
  Terence (D:3)
  A worker ant (D:4)
  2 gnolls (D:4)
  2 orcs (D:4)
10 creatures vanquished.

Grand Total: 72 creatures vanquished

Notes
Turn   | Place    | Note
-------+----------+-------------------------------------------
     0 | D:1      | thiole the Octopode Hedge Wizard began the quest for the
                  | Orb.
     0 | D:1      | Reached XP level 1. HP: 11/11 MP: 4/4
   278 | D:1      | Reached XP level 2. HP: 18/18 MP: 1/6
   360 | D:1      | Reached skill level 3 in Stealth
  1030 | D:2      | Reached XP level 3. HP: 10/22 MP: 3/7
  1193 | D:2      | Reached skill level 1 in Fighting
  1883 | D:2      | Noticed Jessica
  1894 | D:2      | Killed Jessica
  1895 | D:2      | Reached XP level 4. HP: 28/28 MP: 1/9
  1971 | D:2      | Found a bloodstained altar of Trog.
  2026 | D:2      | Learned a level 2 spell: Call Imp
  2030 | D:2      | Learned a level 3 spell: Mephitic Cloud
  2659 | D:3      | Reached skill level 4 in Stealth
  2659 | D:3      | Reached XP level 5. HP: 30/34 MP: 3/10
  2896 | D:3      | Reached skill level 1 in Poison Magic
  3279 | D:3      | Noticed a phantom
  3333 | D:3      | Killed a phantom
  3334 | D:3      | Reached skill level 1 in Air Magic
  3334 | D:3      | Reached XP level 6. HP: 19/39 MP: 2/11
  3575 | D:3      | Noticed Terence
  3589 | D:3      | Killed Terence
  3704 | D:4      | Found a staircase to the Ecumenical Temple.
  3726 | Temple   | Entered the Ecumenical Temple
  3741 | Temple   | Became a worshipper of Gozag Ym Sagoz the Greedy
  4161 | D:4      | Found Ila Ceisk's Distillery.
  4245 | D:4      | Reached skill level 5 in Stealth
  4427 | D:4      | Found a blossoming altar of Fedhas.
  4663 | D:4      | Found a hide-covered altar of Uskayaw.
  4816 | D:4      | Found a radiant altar of Vehumet.
  4821 | D:4      | Found a shimmering altar of Xom.
  4832 | D:4      | Found a glowing silver altar of Zin.
  4839 | D:4      | Found a burning altar of Makhleb.
  4844 | D:4      | Found a shadowy altar of Dithmenos.
  4851 | D:4      | Found a glowing golden altar of the Shining One.
  4945 | D:5      | Entered Level 5 of the Dungeon
  5048 | D:5      | Noticed an ice beast
  5051 | D:5      | Reached XP level 7. HP: 45/45 MP: 3/13
  5172 | D:5      | Slain by an ice beast

Illustrated notes

Levels and vault maps discovered:
D:1:      psy_arrival_conway, layout_basic, serial_forest,
          infiniplex_forest_corner_1, infiniplex_forest_join,
          infiniplex_forest_end_3, infiniplex_forest_clump_long,
          infiniplex_forest_lined_2, infiniplex_forest_lined_room_2,
          infiniplex_forest_diagonal
D:2:      layout_basic, bloody_trog, uniq_jessica
D:3:      layout_basic, lemuel_another_geyser, uniq_terence
D:4:      minmay_recursive_quarters, layout_basic,
          grunt_temple_overflow_octagram, temple_statues, serial_shops,
          shop_fountains, minivault_1, fedhas_altar_2
D:5:      layout_cave_pods
Temple:   dshaligram_water_room_temple

Skill      XL: |  1  2  3  4  5  6 |
---------------+-------------------+-----
Stealth        | 3 4 5 |  5.3
Fighting       | 1 2 |  2.8
Conjurations   | 2 |  2.0
Summonings     | 2 |  2.0
Poison Magic   | 1 2 |  2.7
Air Magic      | 1 2 |  2.2
Spellcasting   | 4 |  4.2
Dodging        | |  2.0
Translocations | |  1.0

Action                   |  1- 3 |  4- 6 |  7- 9 || total
-------------------------+-------+-------+-------++-------
Melee: Dagger            |    35 |    73 |     2 ||   110
       Constrict         |    11 |    17 |       ||    28
       Tentacles         |     3 |    11 |       ||    14
       Unarmed           |       |     6 |       ||     6
 Cast: Magic Dart        |    79 |    88 |       ||   167
       Call Imp          |       |    30 |     5 ||    35
  Use: Potion            |       |     1 |       ||     1
Armor: Skin              |       |     3 |       ||     3
Dodge: Dodged            |    23 |    46 |     3 ||    72
